 Dungeon Crawl Stone Soup version 0.29-a0-284-gf9362112df (webtiles) character file.

Game seed: 870872165117854009

106 spaghetti the Grave Robber (level 4, -1/39 HPs)
             Began as an Ogre Necromancer on Mar 20, 2022.
             Was a Priest of Jiyva.
             Killed by divine providence
             ... invoked by an orc priest
              (16 damage)
             ... on level 4 of the Dungeon.
             The game lasted 00:04:34 (2173 turns).

spaghetti the Grave Robber (Ogre Necromancer)       Turns: 2173, Time: 00:04:34

Health: -1/39      AC:  4    Str: 12    XL:     4   Next: 84%
Magic:  8/8        EV:  9    Int: 24    God:    Jiyva [***...]
Gold:   24         SH:  0    Dex:  9    Spells: 8/9 levels left

rFire   . . .      SeeInvis .   n - +2 hand axe (venom) {axe}
rCold   . . .      Faith    .   (no shield)
rNeg    . . .      Spirit   .   a - +0 robe
rPois   .          Reflect  .   (helmet restricted)
rElec   .          Harm     .   l - +0 cloak
rCorr   +          Rampage  .   (gloves unavailable)
Will    .....                   (boots unavailable)
Stlth   +.........              (no amulet)
HPRegen 1.25/turn               o - +6 ring of intelligence
MPRegen 0.46/turn               (no ring)

@: hasted, very quick
A: large, unfitting armour, tough skin 1
a: Renounce Religion, Oozemancy


You were on level 4 of the Dungeon.
You worshipped Jiyva.
Jiyva was most pleased with you.
You visited 1 branch of the dungeon, and saw 4 of its levels.

You collected 24 gold pieces.


Innate Abilities, Weirdness & Mutations

You are too large for most types of armour.
You have tough skin. (AC +1)


   Skills:
 - Level 1.7 Dodging
 - Level 1.4 Stealth
 - Level 3.0 Spellcasting
 + Level 5.3 Necromancy


You had 8 spell levels left.
You knew the following spells:

 Your Spells              Type           Power      Damage    Failure   Level
a - Pain                  Necr           100%       1d9       1%          1

Your spell library contained the following spells:

 Spells                   Type           Power      Damage    Failure   Level
 Animate Skeleton         Necr           58%        N/A       1%          1
 Vampiric Draining        Necr           29%        2d8       3%          3
 Animate Dead             Necr           14%        N/A       12%         4
 Ozocubu's Armour         Ice            3%         N/A       32%         3
 Agony                    Necr           29%        N/A       34%         5
 Ozocubu's Refrigeration  Ice            1%         4d5       100%        7

Inventory:

Hand Weapons
 d - a +1 club {mace}
   (You took it off a kobold on level 1 of the Dungeon)
 i - a +0 club {mace}
   (You took it off a goblin on level 1 of the Dungeon)
 j - a +2 whip of holy wrath {mace}
   (You found it on level 1 of the Dungeon)
 n - a +2 hand axe of venom (weapon) {axe}
   (You took it off an orc on level 3 of the Dungeon)
Missiles
 e - 64 stones {throwing}
 q - 3 poisoned darts {throwing}
Armour
 a - a +0 robe (worn)
 l - a +0 cloak (worn)
   (You found it on level 1 of the Dungeon)
Jewellery
 o - a +6 ring of intelligence (left hand)
   (You found it on level 3 of the Dungeon)
Wands
 p - a wand of digging (2)
   (You found it on level 3 of the Dungeon)
Scrolls
 f - 2 scrolls of teleportation {@r4}
 g - a scroll of holy word
 h - a scroll of identify {@r1}
 m - a scroll of enchant weapon
 r - a scroll of blinking {!r}
Potions
 b - a potion of magic
 k - a potion of attraction {!q}
 s - 2 potions of curing {@q1}
 t - a potion of might {unknown}

Dungeon Overview and Level Annotations

Branches:
Dungeon (4/15)
 Temple: D:4-7

Altars:
Jiyva

Shops:
D:2 (:[!

#.########
#.# #.#
#.# #.#
#.# #.#
#.# #@#
#o#
#o†))....
#####...#
.#


You could see 2 orc priests.


Message History

No target in view!
No target in view!
No target in view!
f - 2 scrolls of teleportation {@r4} (gained 1)
r - a scroll labelled XIRCHU DIETROPN 😎 MP[+1]
Your mp is fully restored (7).
s - 2 potions of curing {@q1}
Found a stone staircase leading up.
As you read the scroll of identify {@r1}, it crumbles to dust.
r - a scroll of blinking
There is a stone staircase leading up here.
You open the door.
There is an open door here.
Key pressed, stopping explore.
There is an open door here.
There is an open door here.
You open the door.
There is an open door here.
Jiyva says: Divide and consume!
You hear a slurping noise.
Done exploring.
Done exploring.
(D) Dungeon
Where to? (Enter - D:3, ? - help)
There is a stone staircase leading down here.
You climb downwards.
There is a stone staircase leading up here.
Unknown command.
Unknown command.
t - an orange potion
Found a stone staircase leading up.
You open the door.
An iguana comes into view.
An iguana is nearby!
The iguana hisses angrily.
The iguana writhes in agony!
You hear a shout! x3 😎 MP[-1]
You lost 1 mp, and now have 6/7 mp.
The iguana barely resists.
You hear a shout!
The iguana writhes in agony!
You hit the iguana but do no damage. The iguana closely misses you.
You hit the iguana.
You kill the iguana!
Your Necromancy skill increases to level 5!
You have reached level 4! 😎 HP[+8]
You now have 39 max hp (+8).
Your hp is fully restored (39).
An orc comes into view. It is wielding a +0 whip. 😎 MP[+1]
An orc is nearby!
An orc is nearby!
The orc shouts!
The orc writhes in agony.
An orc wizard comes into view. It is wielding a +0 dagger.
The orc writhes in agony!
You kill the orc!
An orc priest comes into view. It is wielding a +0 war axe.
An orc priest comes into view. It is wielding a +0 club.
The orc wizard writhes in agony!
The orc priest miscasts a cantrip.
The orc wizard writhes in agony!
You kill the orc wizard!
The orc priest barely resists.
You hit the orc priest.
The orc priest is poisoned.
The orc priest calls upon Beogh to heal the orc priest.
The orc priest's wounds heal themselves!
You closely miss the orc priest. The orc priest barely misses you.
The orc priest invokes the aid of Beogh against you.
Beogh smites you!
You are too injured to fight recklessly! 😮 HP[-12] MP[-1]
You take 12 damage, and now have 27/39 hp.
MASSIVE DAMAGE!! (PAUSE)
You lost 1 mp, and now have 6/8 mp. 😮 HP[+1]
You barely miss the orc priest. Your punch misses the orc priest.
The orc priest begins to cast a cantrip, but forgets the words! 😕 HP[+2] MP[+1]
You regained 2 hp, and now have 30/39 hp.
You closely miss the orc priest.
The orc priest hits you with a +0 club. 😮 HP[-4]
You take 4 damage, and now have 26/39 hp.
You closely miss the orc priest.
The orc priest calls down the wrath of Beogh upon you.
Beogh smites you!
* * * LOW HITPOINT WARNING * * *
The orc priest hits you with a +0 club.
* * * LOW HITPOINT WARNING * * *
You hear a shout! 😨 HP[-12] MP[+1]
You take 12 damage, and now have 14/39 hp.
MASSIVE DAMAGE!! (PAUSE)
Your mp is fully restored (8).
It was a potion of haste.
You feel yourself speed up.
The orc priest calls down the wrath of Beogh upon you.
Beogh smites you!
You die...

Skill      XL: |  1  2  3 |
---------------+----------+-----
Spellcasting   | 3 |  3.0
Necromancy     | 4 5 |  5.3
Dodging        | |  1.7
Stealth        | |  1.4

Action                   |  1- 3 |  4- 6 || total
-------------------------+-------+-------++-------
Melee: Club              |    42 |       ||    42
       Hand axe          |     2 |     5 ||     7
 Cast: Pain              |    45 |     5 ||    50
  Use: Scroll            |     7 |       ||     7
       Potion            |     2 |     1 ||     3
Armor: Robe              |    24 |       ||    24
Dodge: Dodged            |    33 |     1 ||    34

Levels and vault maps discovered:
D:1:      minmay_arrival_stone_box, layout_basic,
          dreamdust_ecumenical_altar_hidden_monk_grotto,
          chequers_serial_rivers_marsh, minmay_pentomino_x2
D:2:      layout_basic, serial_shops, nicolae_square_shop,
          nicolae_shop_statue_plus, shop_fountains, shop, grunt_decor_clamped
D:3:      layout_basic, grunt_ministairs_1
D:4:      layout_basic, nicolae_shop_overcharged_wands

Notes
Turn   | Place    | Note
-------+----------+-------------------------------------------
     0 | D:1      | spaghetti the Ogre Necromancer began the quest for the Orb.
     0 | D:1      | Reached XP level 1. HP: 16/16 MP: 3/3
     0 | D:1      | magus.rc [v1.9.6]
   465 | D:1      | Found a faded altar of an unknown god.
   472 | D:1      | Prayed at the altar of an unknown god.
   472 | D:1      | Became a worshipper of Jiyva Joxzemui the Shapeless
   472 | D:1      | Reached * piety under Jiyva
   550 | D:1      | Reached skill level 3 in Spellcasting
   583 | D:1      | Reached XP level 2. HP: 24/24 MP: 6/6
  1050 | D:2      | Reached ** piety under Jiyva
  1062 | D:2      | Found Jeohyxoe's Distillery.
  1293 | D:2      | Reached skill level 4 in Necromancy
  1296 | D:2      | Found Burul's Armour Shop.
  1320 | D:2      | Found Fuungair's Book Shoppe.
  1323 | D:2      | Found Mopuc's Antique Weapon Emporium.
  1490 | D:3      | Reached XP level 3. HP: 31/31 MP: 7/7
  1495 | D:3      | You add the spells Ozocubu's Armour and Ozocubu's
                  | Refrigeration to your library.
  1553 | D:3      | Reached *** piety under Jiyva
  1588 | D:3      | HP: 5/31 [orc/+0 morningstar (8)]
  2160 | D:4      | Reached skill level 5 in Necromancy
  2160 | D:4      | Reached XP level 4. HP: 39/39 MP: 6/8
  2173 | D:4      | Killed from afar by an orc priest

Vanquished Creatures
  An iguana (D:4)
  An orc wizard (D:4)
  An adder (D:3)
  A worm (D:3)
  5 orcs
  A giant cockroach (D:2)
  A hobgoblin (D:2)
  A jackal (D:2)
  3 quokkas
  3 ball pythons (D:3)
  2 bats (D:1)
  3 frilled lizards
  5 goblins
  4 kobolds
  3 rats
35 creatures vanquished.

Vanquished Creatures (others)
  An adder (D:2)
  A giant cockroach (D:2)
  2 jackals
  A ball python (D:2)
  A bat (D:1)
  3 kobolds
9 creatures vanquished.

Grand Total: 44 creatures vanquished

Table legend:
 A = Non-vault XP
 B = Vault XP
 C = Vault XP percentage of total XP
 D = Non-vault monster count
 E = Vault monster count
 F = Vault count percentage of total count
                 A         B        C        D         E       F
            +---------+---------+-------+---------+---------+-------
      Total |     139 |      13 |   8.6 |      33 |       5 |  13.2
            +---------+---------+-------+---------+---------+-------
        D:1 |      10 |       1 |   9.1 |      10 |       1 |   9.1
        D:2 |      22 |       0 |   0.0 |      11 |       0 |   0.0
        D:3 |      30 |      12 |  28.6 |       9 |       4 |  30.8
        D:4 |      77 |       0 |   0.0 |       3 |       0 |   0.0
            +---------+---------+-------+---------+---------+-------

Illustrated notes

Table legend:
 A = Kills in this place as a percentage of kills in entire the game.
 B = Kills by you in this place as a percentage of kills by you in the entire game.
 C = Kills by friends in this place as a percentage of kills by friends in the entire game.
 D = Other kills in this place as a percentage of other kills in the entire game.
 E = Experience gained in this place as a percentage of experience gained in the entire game.
 F = Experience gained in this place divided by the number of levels of this place that you have seen.
                   A       B       C       D       E      F
               +-------+-------+-------+-------+-------+----------------------
         Total | 100.0 | 100.0 |   N/A | 100.0 | 100.0 |  38.0
       Dungeon | 100.0 | 100.0 |   N/A | 100.0 | 100.0 |  38.0
               +-------+-------+-------+-------+-------+----------------------

Table legend: (Time is in decaauts)
 A = Elapsed time spent in this place.
 B = Non-inter-level travel time spent in this place.
 C = Inter-level travel time spent in this place.
 D = Time resting spent in this place.
 E = Time spent auto-exploring this place.
 F = Levels seen in this place.
 G = Mean time per level.
                   A        B        C        D        E       F      G
               +--------+--------+--------+--------+--------+-----+--------+
         Total |   2199 |   2117 |     82 |     17 |   1825 |   4 |  549.8 |
       Dungeon |   2199 |   2117 |     82 |     17 |   1825 |   4 |  549.8 |
               +--------+--------+--------+--------+--------+-----+--------+

Top non-repeatable levels by time:
     D:1: 981 daAuts
     D:3: 728 daAuts
     D:2: 427 daAuts
     D:4: 62 daAuts
